Description

Classic vs Dark in "GSL vs World" ro8. The build (Has Special) originates from legendary cannon rusher Has.

Start to poke with first immortal, but don’t get aggressive until warp prism arrives.

VOD

https://youtu.be/VisBLdscAv8?t=1549

Build Order

Get SALT Encoding   

  14  0:17  Pylon  
  14  0:18  Action  Send probe to proxy
  16  0:39  Gateway  
  18  0:57  Forge  
  18  1:03  Assimilator  
  19  1:14  Pylon  Proxy, behind expansion
  20  1:30  Cybernetics Core  
  20  1:34  Photon Cannon  Proxy
  21  1:42  Assimilator  
  22  1:57  Photon Cannon  Proxy
  22  2:08  Robotics Bay  Proxy
  22  2:18  Shield Battery  Proxy
  23  2:24  Warp Gate  
  23  2:30  Adept  
  25  2:41  Pylon  Proxy
  25  2:55  Immortal  
  29  2:58  Shield Battery  Proxy
  29  3:08  Shield Battery  Proxy
  29  3:22  Warp Prism  After finnished, continue Immortal production
  31  3:37  Photon Cannon  Home for defence
Spawning Tool Build Advisor. Get it on Overwolf

Analysis

The road will then vary, if you also have to defend at home or if you can focus on the front. Continue building pylons and shield batteries as the Immortals number increases. Extra cannons can be added at home or at the front.

If the push fails, the only chance is to take out any additional expansions and keep Zerg inside the main base for as long as possible without loosing your army, then recall home. Your chances may be slim thou... so you better win before that happens!

Go to:

Details

  • Created by: Footstomp
  • Published on: Aug 14, 2018
  • Modified on: Aug 14, 2018
  • Patch: 4.0.0
Show
View Real Time Build Order
Export as new Build Order

Comments (0)

There are no comments. Be the first!

Create an account to comment!